 Dungeon Crawl Stone Soup version 0.21-a0-29-g43b3074 (webtiles) character file.

398 mopl the Covert (level 6, 0/52 HPs)
             Began as a Naga Assassin on May 26, 2017.
             Slain by Edmund
             ... wielding a +1 flail of protection
              (6 damage)
             ... on level 4 of the Dungeon.
             The game lasted 00:05:41 (2959 turns).

mopl the Covert (Naga Assassin)                     Turns: 2959, Time: 00:05:42

Health: 0/52       AC:  4    Str: 14    XL:     6   Next: 83%
Magic:  6/6        EV:  9    Int: 15    God:
Gold:   202        SH:  0    Dex: 14    Spells: 1/5 levels left

rFire    . . .     SeeInvis +   a - +2 dagger
rCold    . . .     Gourm    .   (no shield)
rNeg     . . .     Faith    .   c - +0 robe
rPois    +         Spirit   .   (no helmet)
rElec    .         Reflect  .   d - +0 cloak
rCorr    .         Harm     .   (no gloves)
MR       .....                  (no barding)
Stlth    ++++......             (no amulet)
Regen    0.2/turn               o - +4 ring of intelligence
MPRegen  0.1/turn               y - ring of wizardry

@: short of breath, very slow
A: see invisible, deformed body, poison resistance, slowness 2, slow metabolism
1, spit poison 1, AC +2
a: Spit Poison


You were on level 4 of the Dungeon.
You were not hungry.

You visited 1 branch of the dungeon, and saw 4 of its levels.

You collected 202 gold pieces.

Inventory:

Hand Weapons
 a - a +2 dagger (weapon)
 b - a +0 blowgun
 B - a +1 trident of freezing
 C - a +2 whip of pain
Missiles
 e - a poisoned needle
 h - 119 stones (quivered)
 x - 17 sling bullets
Armour
 c - a +0 robe (worn)
 d - a +0 cloak (worn)
Jewellery
 o - a +4 ring of intelligence (left hand)
 y - a ring of wizardry (right hand)
Wands
 w - a wand of iceblast (3/15)
Scrolls
 i - a scroll of magic mapping {unknown}
 k - 2 scrolls of fear {unknown}
 l - 3 scrolls of identify
 m - a scroll of teleportation {unknown}
 n - a scroll of fog {unknown}
Potions
 p - a potion of mutation {!q}
 q - a potion of flight {unknown}
 s - a potion of might {unknown}
 u - a potion of lignification {unknown}
 v - a potion of heal wounds {unknown}
 A - a potion of degeneration {unknown}
 D - a potion of haste {unknown}
Books
 z - a book of Necromancy

   Spells                             Type                      Level
   a - Pain                           Necromancy                   1
   b - Animate Skeleton               Necromancy                   1
   c - Vampiric Draining              Necromancy                   3
   d - Regeneration                   Charms/Necromancy            3
   e - Animate Dead                   Necromancy                   4
   f - Control Undead                 Necromancy                   4
Comestibles
 g - 2 bread rations
 j - 2 royal jellies
 r - 2 meat rations
 t - 3 fruits


   Skills:
 - Level 2.0 Fighting
 + Level 3.6 Short Blades
 + Level 3.7 Throwing
 - Level 0.7 Dodging
 * Level 9.4 Stealth


You had one spell level left.
You knew the following spells:

 Your Spells              Type           Power        Failure   Level  Hunger
r - Regeneration          Chrm/Necr      #.........   32%         3    ####...
x - Animate Skeleton      Necr           N/A          11%         1    ##.....


Dungeon Overview and Level Annotations

Branches:
Dungeon (4/15)
 Temple: D:4-7

Altars:

Annotations:
D:3 kraktruk's ghost, amateur DrTm
D:4 Edmund


Innate Abilities, Weirdness & Mutations

You cannot wear boots.
Your serpentine skin is tough. (AC +2)
You have supernaturally acute eyesight. (SInv)
Armour fits poorly on your strangely shaped body.
Your system is resistant to poisons. (rPois)
You cover ground very slowly.
You have a slow metabolism.
You can spit poison.


Message History

Unknown command.
Okay, then.
Press: ? - help, Shift-Dir - straight line, f/p - Edmund
Aim: Edmund, wielding a flail of protection and wearing a dyed leather armour (moderately wounded, poisoned)
The splash of poison hits Edmund.
Edmund completely resists.
Edmund is moderately wounded.
You feel slightly more hungry.
Edmund hits you with a flail of protection.
* * * LOW HITPOINT WARNING * * *
Unknown command.
a - a +2 dagger (weapon)
Edmund says, "A flail is better than a scythe, any day of the week!"
Edmund hits you with a flail of protection.
* * * LOW HITPOINT WARNING * * *
Okay, then.
As you read the scroll labeled ZATHRY TE VULE, it crumbles to dust.
It is a scroll of identify.
p - a potion of mutation Edmund hits you with a flail of protection.
You die...

.......##......####...#
#..##..##.............###
...##..###.....##.......##
.......####...........>..#
##..........#####........#
#####.####.# #...#...##.##
###..## #.# #.#.........#
#.....# #.# #..รท#.....[.#
#.###.###.# ##@##.......#
#. #.....# #@##.......#
#.###.########.##.......#
#...............#.......#
###.##########..#.......#
#.# #..####.####
#.##########(.# .#
#...........(.# ..
#....#####..(.#


You could see Edmund.

Vanquished Creatures
  A bullfrog (D:3)
  Blork the orc (D:4)
  Jessica (D:3)
  2 worker ants (D:4)
  Natasha (twice) (D:4)
  3 adders
  A gnoll (D:1)
  2 oozes
  3 worms
  3 dart slugs
  2 leopard geckos
  4 orcs
  3 giant cockroaches
  6 goblins
  10 hobgoblins
  12 jackals
  3 kobolds
  3 quokkas
  2 ball pythons (D:2)
  9 bats
  5 frilled lizards
  7 rats
85 creatures vanquished.

Notes
Turn   | Place    | Note
-------+----------+-------------------------------------------
     0 | D:1      | mopl the Naga Assassin began the quest for the Orb.
     0 | D:1      | Reached XP level 1. HP: 19/19 MP: 1/1
    69 | D:1      | Reached skill level 2 in Throwing
    81 | D:1      | Reached skill level 6 in Stealth
   235 | D:1      | Reached XP level 2. HP: 23/26 MP: 2/2
   565 | D:1      | Reached XP level 3. HP: 32/32 MP: 3/3
   734 | D:1      | Reached skill level 7 in Stealth
   874 | D:2      | Reached XP level 4. HP: 39/39 MP: 4/4
  1515 | D:3      | Noticed a bullfrog
  1516 | D:3      | Killed a bullfrog
  1516 | D:3      | Reached skill level 3 in Short Blades
  1516 | D:3      | Reached skill level 3 in Throwing
  1516 | D:3      | Reached skill level 8 in Stealth
  1516 | D:3      | Reached XP level 5. HP: 44/45 MP: 5/5
  1629 | D:3      | Noticed Jessica
  1640 | D:3      | Killed Jessica
  1932 | D:3      | Noticed kraktruk's ghost (amateur DrTm)
  2056 | D:3      | Reached XP level 6. HP: 52/52 MP: 6/6
  2227 | D:4      | Noticed Blork the orc
  2231 | D:4      | Killed Blork the orc
  2231 | D:4      | Reached skill level 9 in Stealth
  2240 | D:4      | Learned a level 3 spell: Regeneration
  2242 | D:4      | Learned a level 1 spell: Animate Skeleton
  2457 | D:4      | Noticed Natasha
  2472 | D:4      | Killed Natasha
  2811 | D:4      | Noticed Natasha
  2819 | D:4      | Killed Natasha
  2935 | D:4      | Noticed Edmund
  2959 | D:4      | Slain by Edmund

Vault maps used:
D:1:      dpeg_arrival_pond
D:3:      minmay_diamond_boxcup, uniq_ijyb, uniq_jessica
D:4:      first_bread, bh_walls_and_bars, uniq_blork_the_orc, uniq_natasha,
          uniq_edmund

Skill      XL: |  1  2  3  4  5  6 |
---------------+-------------------+-----
Throwing       | 2 3 |  3.7
Stealth        | 6 7 8 9 |  9.4
Short Blades   | 3 |  3.6
Fighting       | |  2.0
Dodging        | |  0.7

Action                   |  1- 3 |  4- 6 || total
-------------------------+-------+-------++-------
Melee: Dagger            |    54 |   146 ||   200
 Fire: Blowgun           |       |     9 ||     9
Throw: Stone             |       |     3 ||     3
 Abil: Spit Poison       |     6 |     9 ||    15
  Use: Scroll            |       |     1 ||     1
 Stab: Sleeping          |     6 |    22 ||    28
  Eat: Chunk             |       |     6 ||     6
Armor: Robe              |    11 |    51 ||    62
Dodge: Dodged            |    24 |    78 ||   102
